 Dungeon Crawl Stone Soup version 0.32-a0-42-ga30500b4d3 (webtiles) character file.

Game seed: 12642554111702742006

471 CraigForest the Shield-Bearer (level 7, -1/55 HPs)
             Began as a Formicid Fighter on Jan 26, 2024.
             Was a Believer of Zin.
             Incinerated by a bombardier beetle (2 damage)
             ... with a burning spray
             ... on level 4 of the Dungeon.
             The game lasted 00:11:58 (3682 turns).

CraigForest the Shield-Bearer (Formicid Fighter)    Turns: 3682, Time: 00:11:58

Health: -1/55      AC:  7    Str: 23    XL:     7   Next: 31%
Magic:  7/7        EV:  9    Int:  7    God:    Zin [**....]
Gold:   126        SH:  9    Dex: 13    Spells: 6/6 levels left

rFire   + . .        j - +0 morningstar
rCold   + . .        l - +0 kite shield
rNeg    . . .        b - +0 scale mail
rPois   +            (helmet unavailable)
rElec   +            (no cloak)
rCorr   +            (no gloves)
SInv    +            (no boots)
Will    .....        (no amulet) Stlth
                     (no ring)
HPRegen 0.29/turn    (no ring)
MPRegen 0.10/turn

%: no passive effects
@: brilliant, on fire, resistant, glowing
A: permanent stasis, dig shafts and tunnels, antennae 3, four strong arms
a: Dig, Shaft Self, Renounce Religion, Recite, Vitalisation, Donate Gold


You were on level 4 of the Dungeon.
You worshipped Zin.
Zin was pleased with you.
You visited 1 branch of the dungeon, and saw 4 of its levels.

You collected 139 gold pieces.
You donated 13 gold pieces to Zin.

Inventory:

Hand Weapons
 a - a +0 flail
 j - a +0 morningstar (weapon)
Missiles
 e - 6 poisoned darts (quivered)
 n - 2 throwing nets
 s - 6 atropa-tipped darts
Armour
 b - a +0 scale mail (worn)
 c - a +0 buckler
 l - a +0 kite shield (worn)
Jewellery
 i - a +6 ring of intelligence
Talismans
 p - a beast talisman
Scrolls
 h - 3 scrolls of teleportation {unknown}
 k - a scroll of fear {unknown}
 m - a scroll of identify {unknown}
 q - 2 scrolls of vulnerability {unknown}
 t - a scroll of brand weapon {unknown}
 u - a scroll of enchant armour {unknown}
Potions
 d - a potion of might
 o - a potion of mutation {unknown}
 r - a potion of brilliance
 v - a potion of berserk rage {unknown}


   Skills:
 + Level 4.6 Fighting
 + Level 5.0 Maces & Flails
 + Level 0.1 Throwing
 + Level 4.8 Armour
 + Level 0.6 Dodging
 + Level 1.1 Stealth
 + Level 5.2 Shields


You had 6 spell levels left.
You didn't know any spells.
Your spell library was empty.

Dungeon Overview and Level Annotations

Branches:
Dungeon (4/15)
 Temple: D:4-7

Altars:
Makhleb
Zin

Shops:
D:3 [==*


Innate Abilities, Weirdness & Mutations

You cannot be hasted, slowed, berserked, paralysed or teleported.
You can dig through walls and to a lower floor.
You have a pair of large antennae on your head. (SInv)
Your four strong arms can wield two-handed weapons with a shield.


Message History

The burning spray misses you.
You hit the bombardier beetle.
The bombardier beetle is severely wounded.
The liquid fire burns you!
* * * LOW HITPOINT WARNING * * *
The bombardier beetle sprays incendiary fluid at you.
The burning spray hits you.
You are even more covered in liquid fire!
You puncture the bombardier beetle!
You kill the bombardier beetle!
The liquid fire burns you!
* * * LOW HITPOINT WARNING * * *
Your Maces & Flails skill increases to level 5!
You shake off some of the fire as you move.
The liquid fire burns you!
* * * LOW HITPOINT WARNING * * *
You see here a bombardier beetle corpse.
You shake off some of the fire as you move.
The liquid fire burns you!
* * * LOW HITPOINT WARNING * * *
It was a potion of curing.
You feel better. The liquid fire burns you!
* * * LOW HITPOINT WARNING * * *
You feel better. The liquid fire burns you!
* * * LOW HITPOINT WARNING * * *
It was a potion of brilliance.
You feel clever all of a sudden. The liquid fire burns you!
* * * LOW HITPOINT WARNING * * *
You feel better. The liquid fire burns you!
* * * LOW HITPOINT WARNING * * *
You shake off some of the fire as you move.
The liquid fire burns you!
* * * LOW HITPOINT WARNING * * *
It was a potion of resistance.
You feel protected. The liquid fire burns you!
You die...

## #.... #.### ## ..
#....{..... ...# ###
##..#.##...######.####>.
.......................#
#######....# #........#
#../.!#.#.# #.#.####.#
#.$.(.#...#####.#.# #.)
#.._..'@#.......#.######
#.$.$.#.#...............
#$..$!#†#..######.######
#######....# ...# #
.........).# #.### #
#..........# #. #
............# # #
#...........# #
##..(.........


There were no monsters in sight!

Vanquished Creatures
  3 bombardier beetles
  A hound (D:4)
  2 sleepcaps (D:4)
  Natasha (thrice) (D:2)
  Terence (D:2)
  An iguana (D:2)
  4 gnolls (D:4)
  6 adders
  2 dart slugs (D:1)
  4 orcs
  4 ball pythons
  7 bats
  6 endoplasms
  4 giant cockroaches
  8 goblins
  2 hobgoblins
  3 kobolds
  2 quokkas
  6 frilled lizards
  8 rats
77 creatures vanquished.

Notes
Turn   | Place    | Note
-------+----------+-------------------------------------------
     0 | D:1      | CraigForest the Formicid Fighter began the quest for the
                  | Orb.
     0 | D:1      | Reached XP level 1. HP: 18/18 MP: 1/1
    97 | D:1      | Found a faded altar of an unknown god.
   107 | D:1      | Prayed at the altar of an unknown god.
   107 | D:1      | Became a worshipper of Zin the Law-Giver
   107 | D:1      | Reached * piety under Zin
   112 | D:1      | Reached XP level 2. HP: 24/24 MP: 2/2
   303 | D:1      | Reached XP level 3. HP: 29/30 MP: 3/3
   707 | D:2      | Reached ** piety under Zin
   906 | D:2      | Reached XP level 4. HP: 34/37 MP: 4/4
   960 | D:2      | Noticed Natasha
   973 | D:2      | Killed Natasha
   974 | D:2      | Reached XP level 5. HP: 28/42 MP: 5/5
  1336 | D:2      | Reached skill level 1 in Stealth
  1483 | D:2      | Noticed Terence
  1495 | D:2      | Killed Terence
  2026 | D:2      | Noticed Natasha
  2033 | D:2      | Killed Natasha
  2432 | D:2      | Noticed Natasha
  2437 | D:2      | Killed Natasha
  2438 | D:2      | Reached XP level 6. HP: 34/48 MP: 6/6
  2599 | D:3      | Found Keaxtik's Jewellery Shoppe.
  2667 | D:3      | Found Manut Dee's Jewellery Shop.
  2710 | D:3      | Found Dodilol's Assorted Antiques.
  2888 | D:3      | Found Losinav's Armour Shoppe.
  3147 | D:3      | Reached skill level 5 in Shields
  3457 | D:4      | Reached XP level 7. HP: 47/55 MP: 7/7
  3653 | D:4      | Found a burning altar of Makhleb.
  3675 | D:4      | Reached skill level 5 in Maces & Flails
  3679 | D:4      | HP: 2/55 [burnt (4)]
  3682 | D:4      | Incinerated by a bombardier beetle

Illustrated notes

Levels and vault maps discovered:
D:1:      shiori_arrival_maze, layout_rooms, hellmonk_ecumenical_altar_run_dry,
          patterned_corridor
D:2:      layout_loops_corners, minmay_split_cup_large, uniq_terence,
          uniq_natasha
D:3:      layout_basic, serial_shops, nicolae_shop_behind_doors,
          nicolae_shop_temple_entry_statues_fountains, shop,
          nicolae_shop_gaudy_bauble, nrook_loot_triangle
D:4:      layout_loops_ring, amcnicky_altar_gilded

Skill      XL: |  1  2  3  4  5  6  7 |
---------------+----------------------+-----
Fighting       | 4 |  4.6
Maces & Flails | 3 4 5 |  5.0
Stealth        | 1 |  1.1
Armour         | 4 |  4.8
Shields        | 5 |  5.2
Throwing       | |  0.1
Dodging        | |  0.6

Action                     |  1- 3 |  4- 6 |  7- 9 || total
---------------------------+-------+-------+-------++-------
  Melee: Flail             |    42 |       |       ||    42
         Morningstar       |    54 |   120 |    46 ||   220
  Throw: Dart              |       |     3 |       ||     3
    Use: Potion            |       |     1 |     5 ||     6
 Armour: Scale mail        |    69 |    81 |    25 ||   175
  Dodge: Dodged            |    44 |    54 |    16 ||   114
  Block: Buckler           |    22 |       |       ||    22
         Kite shield       |       |    63 |    21 ||    84

Table legend: (Time is in decaauts)
 A = Elapsed time spent in this place.
 B = Non-inter-level travel time spent in this place.
 C = Inter-level travel time spent in this place.
 D = Time resting spent in this place.
 E = Time spent auto-exploring this place.
 F = Levels seen in this place.
 G = Mean time per level.
                   A        B        C        D        E       F      G
               +--------+--------+--------+--------+--------+-----+--------+
         Total |   3785 |   3779 |      6 |    180 |   2028 |   4 |  946.2 |
       Dungeon |   3785 |   3779 |      6 |    180 |   2028 |   4 |  946.2 |
               +--------+--------+--------+--------+--------+-----+--------+

Top non-repeatable levels by time:
     D:2: 1789 daAuts
     D:3: 870 daAuts
     D:1: 713 daAuts
     D:4: 411 daAuts
